 Dungeon Crawl Stone Soup version 0.31-a0-1591-g515db51633 (webtiles) character file.

Game seed: 2003349838213103269

238 bmb222 the Trooper (level 5, -14/42 HPs)
             Began as a Demonspawn Fighter on Jan 6, 2024.
             Killed by an exploding adder (26 damage)
             ... ignited by their inner flame
             ... in a sewer.
             The game lasted 00:03:17 (2046 turns).

bmb222 the Trooper (Demonspawn Fighter)             Turns: 2046, Time: 00:03:18

Health: -14/42     AC:  9    Str: 18    XL:     5   Next: 78%
Magic:  5/5        EV:  9    Int:  8    God:
Gold:   56         SH:  5    Dex: 13    Spells: 4/4 levels left

rFire   . . .        a - +0 war axe
rCold   . . .        c - +0 buckler
rNeg    . . .        b - +0 scale mail
rPois   .            h - +0 helmet
rElec   .            e - +0 cloak
rCorr   .            (no gloves)
SInv    .            (no boots)
Will    .....        (no amulet) Stlth
                     (no ring)
HPRegen 0.27/turn    (no ring)
MPRegen 0.09/turn

%: no passive effects
@: lethally poisoned (-14 -> -15), very slow
A: hooves 2, powered by pain 1, sturdy frame 1, wild magic 1
a: no special abilities


You were in a sewer.
You visited 1 branch of the dungeon, and saw 3 of its levels.
You also visited: Sewer.

You collected 56 gold pieces.

Inventory:

Hand Weapons
 a - a +0 war axe (weapon)
Armour
 b - a +0 scale mail (worn)
 c - a +0 buckler (worn)
 e - a +0 cloak (worn)
 h - a +0 helmet (worn)
Jewellery
 g - a +6 ring of dexterity
 n - an amulet of guardian spirit
Scrolls
 o - a scroll of silence {unknown}
 p - 2 scrolls of teleportation {unknown}
 q - a scroll of blinking {unknown}
 s - a scroll of fear {unknown}
Potions
 d - a potion of heal wounds {unknown}
 f - a potion of enlightenment
 l - 2 potions of magic {unknown}
 m - a potion of invisibility {unknown}


   Skills:
 + Level 4.1 Fighting
 + Level 3.1 Axes
 + Level 3.7 Armour
 + Level 3.7 Shields


You had 4 spell levels left.
You didn't know any spells.
Your spell library contained the following spells:

 Spells                   Type           Power      Damage    Failure   Level
 Shock                    Conj/Air       0%         1d3       82%         1
 Swiftness                Air            0%         N/A       99%         3
 Airstrike                Air            0%         2d(0-16)  100%        4


Dungeon Overview and Level Annotations

Branches:
Dungeon (3/15)              Sewer (1/1)

Altars:


Innate Abilities, Weirdness & Mutations

You have hoof-like feet.
You sometimes gain a little power by taking damage.
Your movements are slightly less encumbered by armour. (ER -2)
Your spells are a little harder to cast, but a little more powerful.


Message History

The air fills with toxic fumes!
As you read the scroll labelled VECRUNUCSY, it crumbles to dust.
It was a scroll of poison.
The bullfrog hits you. x2
You block the ball python's attack. The adder bites you but does no damage.
The ball python loses its grip on you.
The bullfrog hits you but does no damage.
The bullfrog hits you. The ball python barely misses you.
You block the ball python's attack. The adder bites you.
You are poisoned.
The adder poisons you!
As you read the scroll labelled ROEPUISORCH, it crumbles to dust.
The creatures around you are filled with an inner flame!
It was a scroll of immolation.
You feel sick. The adder bites you but does no damage.
The bullfrog barely misses you. The bullfrog hits you.
You block the adder's attack. The ball python barely misses you.
The ball python grabs you. The ball python constricts you.
As you read the scroll labelled YDEWAGI KIYSH, it crumbles to dust.
It is a scroll of enchant armour.
Okay, then.
You feel sick. The bullfrog hits you. You block the bullfrog's attack.
The adder bites you but does no damage. The adder bites you.
The ball python completely misses you. The ball python constricts you.
The bullfrog hits you.
The bullfrog hits you but does no damage.
You block the adder's attack.
As you read the scroll labelled UDUOHA QEVOVO, it crumbles to dust.
Your body is wracked with pain!
The bullfrog convulses!
Flame seeps out of the bullfrog.
The ball python convulses!
Flame seeps out of the ball python.
The adder convulses!
Flame seeps out of the adder.
The bullfrog convulses!
Flame seeps out of the bullfrog.
The adder convulses!
Flame seeps out of the adder.
It was a scroll of torment.
You feel sick.
The adder is engulfed in blazing flames.
The adder explodes!
The fiery explosion engulfs the ball python!!
The fiery explosion engulfs the bullfrog!!
The fiery explosion engulfs you!!
Ouch! That really hurt!
You die...

.##### ..'..# ..#..#
..####
...####################+
....#≈≈≈≈§§§§§§§§§§§§§§§
.....≈~≈~§§§§§§§§§§§§§.§
.....~~~~§§§§§§§§Sr#§§§§
.....~≈≈~§§§§§§§@FS§§§§§
#...~≈≈~≈§#§§§§§○○§§§§§§
###.#≈≈≈≈§§§§§§§§§§§§§§§
######################


You could see a bullfrog (inner flame), an adder (inner flame), a ball python
(inner flame) and a rat (inner flame).

Vanquished Creatures
  A bullfrog (Sewer)
  9 adders
  7 river rats
  5 dart slugs
  2 ribbon worms (D:3)
  8 bats
  8 endoplasms
  3 giant cockroaches
  6 goblins
  2 hobgoblins
  4 jackals
  8 kobolds
  2 quokkas
  12 ball pythons
  6 frilled lizards
  19 rats
102 creatures vanquished.

Notes
Turn   | Place    | Note
-------+----------+-------------------------------------------
     0 | D:1      | bmb222 the Demonspawn Fighter began the quest for the Orb.
     0 | D:1      | Reached XP level 1. HP: 18/18 MP: 1/1
   129 | D:1      | Gained mutation: You have large cloven feet. [demonic
                  | ancestry]
   129 | D:1      | Reached XP level 2. HP: 24/24 MP: 2/2
   274 | D:1      | You fall into a shaft and drop 1 floor!
   312 | D:2      | Gained mutation: You have hoof-like feet. [demonic
                  | ancestry]
   312 | D:2      | Reached XP level 3. HP: 29/29 MP: 3/3
   628 | D:2      | Gained mutation: Your movements are slightly less
                  | encumbered by armour. (ER -2) [demonic ancestry]
   628 | D:2      | Reached XP level 4. HP: 35/35 MP: 4/4
  1489 | D:3      | Gained mutation: You sometimes gain a little power by
                  | taking damage. [demonic ancestry]
  1489 | D:3      | Reached XP level 5. HP: 31/42 MP: 5/5
  1567 | D:3      | Found a glowing drain.
  1579 | Sewer    | Entered a sewer
  1755 | Sewer    | Reached skill level 4 in Fighting
  1825 | Sewer    | Gained mutation: You are frail. (-10% HP) [potion of
                  | mutation]
  1825 | Sewer    | Gained mutation: Your spells are a little harder to cast,
                  | but a little more powerful. [potion of mutation]
  1825 | Sewer    | Lost mutation: You are frail. (-10% HP) [potion of
                  | mutation]
  1825 | Sewer    | HP: 2/42 [rat (2)]
  2046 | Sewer    | Killed by an exploding adder... ignited by their inner
                  | flame

Illustrated notes

Levels and vault maps discovered:
D:1:      dpeg_arrival_pits, layout_loops_ring
D:2:      layout_basic, corexii_hall_statues_s
D:3:      layout_loops_corners, grunt_temple_overflow_magic_moments,
          shapermc_ecumenical_altar_totnotflames, lightli_sewer_entry_pipes
Sewer:    sewer_minmay_w

Skill      XL: |  1  2  3  4  5 |
---------------+----------------+-----
Axes           | 2 3 |  3.1
Armour         | 3 |  3.7
Shields        | 3 |  3.7
Fighting       | 4 |  4.1

Action                     |  1- 3 |  4- 6 || total
---------------------------+-------+-------++-------
  Melee: War axe           |    94 |   165 ||   259
         Kick              |    17 |    30 ||    47
    Use: Potion            |       |     6 ||     6
         Scroll            |       |     4 ||     4
 Armour: Scale mail        |    71 |   142 ||   213
         Skin              |       |    10 ||    10
  Dodge: Dodged            |    36 |   108 ||   144
  Block: Buckler           |    26 |    61 ||    87

Table legend: (Time is in decaauts)
 A = Elapsed time spent in this place.
 B = Non-inter-level travel time spent in this place.
 C = Inter-level travel time spent in this place.
 D = Time resting spent in this place.
 E = Time spent auto-exploring this place.
 F = Levels seen in this place.
 G = Mean time per level.
                   A        B        C        D        E       F      G
               +--------+--------+--------+--------+--------+-----+--------+
         Total |   2209 |   2149 |     60 |     97 |   1265 |   4 |  552.2 |
       Dungeon |   1691 |   1631 |     60 |     47 |   1018 |   3 |  563.7 |
         Sewer |    517 |    517 |      0 |     50 |    247 |   1 |  517.0 |
               +--------+--------+--------+--------+--------+-----+--------+

Top non-repeatable levels by time:
     D:1: 673 daAuts
     D:2: 653 daAuts
   Sewer: 517 daAuts
     D:3: 365 daAuts
